 Dungeon Crawl Stone Soup version 0.22-a0-848-ge9e22a0 (webtiles) character file.

36308 Amnesiac the Thaumaturge (level 13, -10/88 HPs)
             Began as a Mummy Earth Elementalist on July 26, 2018.
             Was a High Priest of Vehumet.
             Mangled by an eight-headed hydra (14 damage)
             ... on level 13 of the Dungeon.
             The game lasted 00:36:44 (15958 turns).

Amnesiac the Thaumaturge (MuEE)                    Turns: 15958, Time: 00:36:45

Health: -10/88     AC:  9    Str: 11    XL:     13   Next: 52%
Magic:  1/30       EV: 14    Int: 21    God:    Vehumet [*****.]
Gold:   732        SH:  5    Dex: 14    Spells: 15/38 levels left

rFire    + . .     SeeInvis .   a - staff of conjuration
rCold    . . .     Gourm    .   u - +0 buckler
rNeg     + + +     Faith    .   r - +0 robe {rF+}
rPois    ∞         Spirit   .   v - +2 hat of Idocof Qezo {*Drain rPois Regen+ rCorr}
rElec    .         Reflect  .   (no cloak)
rCorr    +         Harm     .   s - +1 pair of gloves
MR       +....                  o - +2 pair of boots
Stlth    ++........             (no amulet)
HPRegen  0.64/turn              n - +3 ring of intelligence
MPRegen  0.22/turn              t - ring of fire

@: no status effects
A: no food or potions, fire vulnerability, cold resistance 1, negative energy
resistance 3, torment resistance, unbreathing, in touch with death 1
a: Renounce Religion


You were on level 13 of the Dungeon.
You worshipped Vehumet.
Vehumet was extremely pleased with you.
You were not hungry.

You visited 1 branch of the dungeon, and saw 14 of its levels.
You also visited: Labyrinth.

You collected 857 gold pieces.
You spent 125 gold pieces at shops.

Inventory:

Hand Weapons
 b - the +4 arc blade {discharge, rElec}
   (You found it in a labyrinth)

   It insulates you from electricity.
Missiles
 l - 234 stones (quivered)
 C - 28 sling bullets
Armour
 o - a +2 pair of boots (worn)
 r - a +0 robe of fire resistance (worn)
 s - a +1 pair of gloves (worn)
 u - a +0 buckler (worn)
 v - the +2 hat of Idocof Qezo (worn) {*Drain rPois Regen+ rCorr}
   (You found it on level 9 of the Dungeon)

   It protects you from poison.
   It increases your rate of regeneration.
   It provides partial protection from all sources of acid and corrosion.
   It causes draining when unequipped.
 F - a +4 ring mail of magic resistance
Magical Staves
 a - an uncursed staff of conjuration (weapon)
 E - an uncursed staff of wizardry
Jewellery
 n - a +3 ring of intelligence (left hand)
 p - a +5 ring of strength
 t - a ring of fire (right hand)
 B - an uncursed ring of flight
 G - an uncursed ring of stealth {unknown}
Wands
 h - a wand of flame (44)
 j - a wand of digging (18)
 w - a wand of polymorph (12)
 x - a wand of random effects (29)
 A - a wand of acid (7)
 D - a wand of paralysis (10)
Scrolls
 c - 4 scrolls of magic mapping {!r}
 d - a scroll of fog {!r}
 e - 4 scrolls of remove curse {!r}
 f - 2 scrolls of amnesia {!r}
 g - 8 scrolls of teleportation {!r}
 i - 2 scrolls of enchant weapon {!r}
 k - a scroll of enchant armour {!r}
 m - 3 scrolls of identify {!r}
 q - 3 scrolls of fear {!r}
 y - a scroll of blinking {!r}
 z - a scroll of brand weapon {!r}


   Skills:
 - Level 4.0 Fighting
 - Level 4.0 Dodging
 - Level 1.5 Stealth
 - Level 4.0 Shields
 + Level 13.3 Spellcasting
 - Level 5.0 Conjurations
 - Level 5.0 Necromancy
 - Level 4.0 Transmutations
 * Level 13.3 Earth Magic
 - Level 4.0 Evocations


You had 15 spell levels left.
You knew the following spells:

 Your Spells              Type           Power        Failure   Level  Hunger
a - Bolt of Draining      Conj/Necr      ######....   4%          5    N/A
b - Passwall              Tmut/Erth      ######..     1%          2    N/A
c - Petrify               Tmut/Erth      ######..     1%          4    N/A
d - Lee's Rapid Deconstr  Erth           ######....   1%          5    N/A
e - Iron Shot             Conj/Erth      ######....   4%          6    N/A
f - Sandblast             Erth           ######       0%          1    N/A

Your spell library contained the following spells:

 Spells                   Type           Power        Failure   Level  Hunger
 Bolt of Magma            Conj/Fire/Erth ######....   3%          5    N/A
 Venom Bolt               Conj/Pois      #####.....   12%         5    N/A
 Animate Dead             Necr           N/A          6%          4    N/A
 Pain                     Necr           ####         1%          1    N/A
 Animate Skeleton         Necr           N/A          1%          1    N/A
 Vampiric Draining        Necr           ######....   1%          3    N/A
 Regeneration             Chrm/Necr      #####.....   4%          3    N/A
 Stone Arrow              Conj/Erth      ######       1%          3    N/A
 Orb of Destruction       Conj           ######....   73%         7    N/A
 Iskenderun's Battlesphe  Conj/Chrm      #####...     12%         5    N/A
 Spellforged Servitor     Conj/Summ      #####.....   96%         7    N/A

Dungeon Overview and Level Annotations

Branches:
Dungeon (14/15)            Temple (0/1) D:7            Lair (0/6) D:8
    Orc (0/2) D:12         Vaults (0/5) D:14

Altars:
Ashenzari
Dithmenos
Elyvilon
Makhleb
Nemelex Xobeh
Ru
Vehumet
Yredelemnul

Shops:
D:12 *[

Annotations:
D:10 exclusions: deep troll earth mage and stone giant


Innate Abilities, Weirdness & Mutations

You do not eat or drink.
Your flesh is vulnerable to fire.
You are immune to poison.
Your flesh is cold resistant. (rC+)
You are immune to negative energy. (rN+++)
You are immune to unholy pain and torment.
You can survive without breathing.
You are in touch with the powers of death.


Message History

Press: ? - help, Dir - move target cursor A rock wall.
The wall shatters!
The blast of rock fragments hits the cyan ugly thing.
The cyan ugly thing is heavily wounded.
You hear a horrible gurgling sound! x3; You hear a shout!
A cyan ugly thing comes into view.
Unknown command.
Things that are here:
a giant spiked club x2; a two-headed ogre corpse You see here a wyvern skeleton.
Things that are here:
a rapier; a robe; an elf skeleton
Casting: Lee's Rapid Deconstruction (safe; 1% risk of failure)
Confirm with . or Enter, or press ? or * to list all spells.
Aiming: Bolt of Draining (safe; 4% risk of failure)
Press: ? - help, Shift-Dir - straight line, f - two-headed ogre
Aim: a two-headed ogre, wielding a giant spiked club and a giant club You feel a strong surge of power!
The bolt of negative energy misses the two-headed ogre.
The bolt of negative energy misses the green ugly thing.
Unknown command.
An eight-headed hydra comes into view.
The eight-headed hydra moves out of view.
The eight-headed hydra roars!
A deep elf mage comes into view.
It is wielding a steaming bardiche {elec}.
There is a stone staircase leading up here.
The eight-headed hydra barely misses you.
The eight-headed hydra closely misses you.
The eight-headed hydra bites you but does no damage.
The eight-headed hydra completely misses you.
The eight-headed hydra bites you.
You block the eight-headed hydra's attack. x2
The eight-headed hydra bites you.
You climb upwards.
There is a stone staircase leading down here.
Casting: Bolt of Draining (safe; 4% risk of failure)
Confirm with . or Enter, or press ? or * to list all spells.
Aiming: Bolt of Draining (safe; 4% risk of failure)
Press: ? - help, Shift-Dir - straight line, f - eight-headed hydra
Aim: an eight-headed hydra You feel a strong surge of power!
The bolt of negative energy hits the eight-headed hydra.
The eight-headed hydra is drained!
The eight-headed hydra is heavily wounded.
The eight-headed hydra bites you! x2; The eight-headed hydra bites you.
The eight-headed hydra bites you!
* * * LOW HITPOINT WARNING * * *
The eight-headed hydra bites you.
* * * LOW HITPOINT WARNING * * *
The eight-headed hydra bites you!
* * * LOW HITPOINT WARNING * * *
The eight-headed hydra bites you but does no damage. x2
Unknown command.
The eight-headed hydra bites you!
* * * LOW HITPOINT WARNING * * *
The eight-headed hydra bites you.
* * * LOW HITPOINT WARNING * * *
The eight-headed hydra barely misses you. x2
The eight-headed hydra bites you but does no damage.
The eight-headed hydra bites you!
* * * LOW HITPOINT WARNING * * *
The eight-headed hydra bites you!
You die...

......#.....##.#............####
......#.....#.......).......##.##
...............................[#
...†.#..............[..!.........
..........................[..#...
###..)#.....##...................
#...#.....###..............#...
##..#...................##..#..
#.......##...@....[##..###....
#...#######..D#..#..#.#####..#
#...######..#>..###.#)#.......
#....#............#....######.
##...##..#..##.....##..# #. #
##..###.#.##.......#.## ##. #
##..##.##.#....##.#..#####.. ##
#...##..##....##.......##.. .#
##......##..........###...#


You could see an eight-headed hydra.

Vanquished Creatures
  A minotaur (Lab)
  An ogre mage (D:14)
  4 hydras
  Harold (D:11)
  7 two-headed ogres
  A death knight (D:14)
  A tengu warrior (D:13)
  The ghost of Nib the Reanimator, a novice GnNe (D:9)
  A skeletal warrior (D:14)
  4 unseen horrors
  An orc knight (D:9)
  2 deep elf magi
  5 ugly things (D:9)
  A cyclops (D:12)
  A wolf spider (D:14)
  2 manticores (D:14)
  2 gargoyles
  Joseph (D:7)
  A kobold demonologist (D:14)
  A tengu conjurer (D:13)
  3 trolls
  2 meliai (D:13)
  A hornet (shapeshifter) (D:14)
  A hornet (D:7)
  11 slime creatures
  4 hippogriffs
  4 shadows
  A vampire (D:13)
  A spriggan (D:7)
  A wraith (D:12)
  A centaur simulacrum (D:14)
  10 yaks
  A wyvern (D:14)
  A neqoxec (D:9)
  7 hungry ghosts
  A steam dragon (D:12)
  2 soldier ants
  2 water moccasins
  A hornet zombie (D:14)
  A porcupine (shapeshifter) (D:9)
  8 orc warriors
  A swamp drake (shapeshifter) (D:9)
  9 sky beasts
  4 ogres
  A black bear (D:11)
  4 phantoms
  3 centaurs
  2 big kobolds
  13 bullfrogs
  A wyvern zombie (D:12)
  2 scorpions
  26 killer bees
  12 wights
  A howler monkey (D:9)
  4 crimson imps
  4 jellies
  A quasit (D:10)
  A bullfrog zombie (D:12)
  8 hounds
  3 bullfrog skeletons
  2 orc priests
  4 centaur skeletons
  3 iguanas
  An iguana (shapeshifter) (D:9)
  6 orc wizards
  7 worker ants
  2 hound zombies
  A hound skeleton (D:7)
  A worker ant zombie (D:6)
  3 gnolls (D:5)
  A howler monkey skeleton (D:9)
  An adder (shapeshifter) (D:9)
  16 adders
  2 shadow imps
  An ooze (D:1)
  2 adder zombies
  An adder skeleton (D:10)
  3 worms
  A worm (shapeshifter) (D:9)
  3 dart slugs
  10 leopard geckos
  45 orcs
  A ball python (D:1)
  3 giant cockroaches
  7 goblins
  6 hobgoblins
  3 jackals (D:6)
  12 kobolds
  5 quokkas
  10 bats
  4 frilled lizards
  A jackal zombie (D:6)
  2 leopard gecko zombies (D:6)
  4 rats
377 creatures vanquished.

Notes
Turn   | Place    | Note
-------+----------+-------------------------------------------
     0 | D:1      | Amnesiac the Mummy Earth Elementalist began the quest for the Orb.
     0 | D:1      | Reached XP level 1. HP: 13/13 MP: 4/4
   136 | D:2      | Reached XP level 2. HP: 10/19 MP: 5/5
   277 | D:2      | Learned a level 2 spell: Passwall
   511 | D:3      | Reached XP level 3. HP: 24/24 MP: 7/7
   616 | D:3      | Noticed a sky beast
   652 | D:3      | Killed a sky beast
   652 | D:3      | Reached XP level 4. HP: 19/30 MP: 0/10
   712 | D:3      | Reached XP level 5. HP: 30/35 MP: 4/11
  1196 | D:4      | Noticed a phantom
  1222 | D:4      | Killed a phantom
  1222 | D:4      | Reached skill level 5 in Earth Magic
  1222 | D:4      | Reached XP level 6. HP: 21/41 MP: 6/13
  1229 | D:4      | Learned a level 5 spell: Lee's Rapid Deconstruction
  1234 | D:4      | Learned a level 4 spell: Petrify
  1399 | D:4      | Reached skill level 5 in Spellcasting
  1404 | D:4      | Learned a level 3 spell: Stone Arrow
  1867 | D:5      | Entered Level 5 of the Dungeon
  1878 | D:5      | Noticed a sky beast
  1924 | D:5      | Noticed a sky beast
  2194 | D:5      | Reached XP level 7. HP: 41/46 MP: 10/15
  2330 | D:5      | Found a shadowy altar of Dithmenos.
  2340 | D:5      | Found a shattered altar of Ashenzari.
  2347 | D:5      | Found a basalt altar of Yredelemnul.
  2350 | D:5      | Found a radiant altar of Vehumet.
  2358 | D:5      | Became a worshipper of Vehumet
  3986 | D:5      | Reached * piety under Vehumet
  3986 | D:5      | Offered knowledge of Magic Dart by Vehumet.
  4155 | D:5      | Reached XP level 8. HP: 52/52 MP: 14/18
  4167 | D:5      | Found a sacrificial altar of Ru.
  4617 | D:6      | Found a radiant altar of Vehumet.
  4733 | D:6      | Offered knowledge of Searing Ray by Vehumet.
  4738 | D:6      | Reached ** piety under Vehumet
  5039 | D:7      | Noticed a two-headed ogre
  5052 | D:7      | Killed a two-headed ogre
  5052 | D:7      | Reached XP level 9. HP: 57/57 MP: 8/22
  5158 | D:7      | Noticed Joseph
  5163 | D:7      | Killed Joseph
  5403 | D:7      | Found a staircase to the Ecumenical Temple.
  5526 | D:7      | Reached skill level 10 in Earth Magic
  5634 | D:7      | Reached skill level 10 in Spellcasting
  5657 | D:7      | Offered knowledge of Dazzling Spray by Vehumet.
  6174 | D:8      | Found a staircase to the Lair.
  6250 | D:8      | Reached skill level 1 in Fighting
  6250 | D:8      | Reached skill level 1 in Transmutations
  6323 | D:8      | Reached skill level 1 in Evocations
  6336 | D:8      | Reached XP level 10. HP: 65/65 MP: 17/24
  6609 | D:8      | Reached *** piety under Vehumet
  6872 | D:9      | Found a sparkling altar of Nemelex Xobeh.
  6888 | D:9      | Reached skill level 1 in Conjurations
  7017 | D:9      | Reached skill level 1 in Shields
  7166 | D:9      | Offered knowledge of Olgreb's Toxic Radiance by Vehumet.
  7320 | D:9      | Noticed a two-headed ogre
  7387 | D:9      | Killed a two-headed ogre
  7595 | D:9      | Found a runed gate.
  7595 | D:9      | Noticed a purple ugly thing
  7596 | D:9      | Noticed a white ugly thing
  7598 | D:9      | Found a runed gate.
  7598 | D:9      | Noticed a cyan ugly thing
  7598 | D:9      | Noticed a green ugly thing
  7599 | D:9      | Found a runed gate.
  7599 | D:9      | Noticed a red ugly thing
  7607 | D:9      | Killed a purple ugly thing
  7608 | D:9      | Killed a purple ugly thing
  7609 | D:9      | Killed a cyan ugly thing
  7610 | D:9      | Killed a purple ugly thing
  7660 | D:9      | Killed a white ugly thing
  7895 | D:9      | Found a runed gate.
  7895 | D:9      | Found a runed gate.
  7897 | D:9      | Found a runed gate.
  7898 | D:9      | Noticed an orb spider
  7898 | D:9      | Noticed a black mamba
  8084 | D:9      | Found a burning altar of Makhleb.
  8278 | D:9      | Noticed Nib's ghost (novice GnNe)
  8292 | D:9      | Reached XP level 11. HP: 76/76 MP: 18/25
  8296 | D:9      | Killed Nib's ghost
  8337 | D:9      | Got an ancient hat
  8353 | D:9      | Identified the +2 hat of Idocof Qezo {*Drain rPois Regen+ rCorr} (You found it on level 9 of the Dungeon)
  8403 | D:10     | Entered Level 10 of the Dungeon
  8412 | D:10     | Noticed an orc knight
  8573 | D:9      | Killed an orc knight
  8709 | D:10     | Reached **** piety under Vehumet
  8782 | D:10     | Offered knowledge of Bolt of Draining by Vehumet.
  8880 | D:10     | Learned a level 5 spell: Bolt of Draining
  9280 | D:10     | Found a radiant altar of Vehumet.
  9280 | D:10     | Found a white marble altar of Elyvilon.
  9289 | D:10     | Reached skill level 1 in Necromancy
  9291 | D:10     | Noticed a deep troll earth mage
  9494 | D:10     | Noticed a stone giant
 10267 | D:11     | Noticed a six-headed hydra
 10271 | D:11     | Killed a six-headed hydra
 10355 | D:11     | Got an encrusted mace
 10374 | D:11     | Noticed Harold
 10378 | D:11     | Killed Harold
 10566 | D:12     | Noticed a deep elf mage
 10569 | D:12     | Killed a deep elf mage
 10580 | D:12     | Reached skill level 5 in Necromancy
 10583 | D:12     | Identified the +9 mace "Cighy" {freeze, Str+2} (You found it on level 11 of the Dungeon)
 10591 | D:12     | Noticed a two-headed ogre
 10656 | D:12     | Found Avvereje's Antique Armour Emporium.
 10656 | D:12     | Noticed a six-headed hydra
 10678 | D:12     | Killed a six-headed hydra
 10783 | D:12     | Reached ***** piety under Vehumet
 10818 | D:12     | Found a staircase to the Orcish Mines.
 10828 | D:12     | Offered knowledge of Freezing Cloud by Vehumet.
 10860 | D:12     | Noticed an eight-headed hydra
 10862 | D:12     | Reached XP level 12. HP: 82/83 MP: 21/26
 10865 | D:12     | Killed an eight-headed hydra
 10887 | D:12     | Found a labyrinth entrance.
 10893 | Lab      | Entered a labyrinth
 11200 | Lab      | Noticed a minotaur
 11408 | Lab      | Killed a minotaur
 11414 | Lab      | Found the +4 arc blade {discharge, rElec}
 11417 | Lab      | Got a polished ring mail
 11417 | Lab      | Got a crude flail
 11417 | Lab      | Got a pitted leather armour
 11429 | Lab      | Identified the +0 ring mail "Nodwis" {Int+2} (You found it in a labyrinth)
 11439 | Lab      | Identified the cursed +0 leather armour "Micesm" {Str+5} (You found it in a labyrinth)
 11439 | Lab      | Identified the +8 flail "Urop" {venom, *Corrode rC++ rN+} (You found it in a labyrinth)
 11551 | D:12     | Bought a glowing robe for 125 gold pieces
 11693 | D:12     | Reached skill level 5 in Conjurations
 12196 | D:12     | Found Owaemig's Assorted Antiques.
 12280 | D:12     | Killed a two-headed ogre
 12815 | D:13     | Noticed a tengu warrior
 12931 | D:13     | Killed a tengu warrior
 13051 | D:13     | Noticed a six-headed hydra
 13144 | D:13     | Killed a six-headed hydra
 14286 | D:14     | Gained mutation: You are in touch with the powers of death. [Mummy growth]
 14286 | D:14     | Reached XP level 13. HP: 81/88 MP: 17/29
 14445 | D:13     | Learned a level 6 spell: Iron Shot
 14575 | D:14     | Found a gate to the Vaults.
 15958 | D:13     | HP: 4/88 [eight-headed hydra (8)]
 15958 | D:13     | Mangled by an eight-headed hydra

Vault maps used:
D:1:      mushboom_english_gardens, st_stairs_14, serial_bayou_crossing
D:5:      kennysheep_mini_moat, grunt_temple_overflow_cloverleaf, first_ration
D:6:      vehumet_altar_wand_db
D:7:      minmay_temple_entry_butterflies, the_bakery, uniq_joseph
D:8:      lair_entry_dummy, kennysheep_dice
D:9:      nemelex_xobeh_ov_fountains_minmay, lemuel_doored_altar,
          ploomutoo_gammafunk_ghost_potion_laboratory, kennysheep_small_square
D:10:     minivault_20, jmf_multi_god_temple
D:11:     uniq_harold
D:12:     david_orc_2, serial_shops, nicolae_shop_waterfront, kennysheep_mini,
          lab_entry_generic, minivault_22, hangedman_abyss_or_decor_slice
D:13:     eino_jars
D:14:     minmay_big_diamond_grid, david_vaults_2, basic_altar,
          nicolae_ashenzari_panopticon
Lab:      labyrinth_spiral, nicolae_lab_quarters, nicolae_lab_stuck,
          nicolae_lab_t_cross, nicolae_lab_grate, lab_block,
          nicolae_lab_very_dead_end, nicolae_lab_flowing_pool,
          nicolae_lab_diamond, labyrinth_skeletal_remains

Skill      XL: |  1  2  3  4  5  6  7  8  9 10 11 12 13 |
---------------+----------------------------------------+-----
Spellcasting   | 3 4 5 6 9 10 12 13 | 13.3
Earth Magic    | 3 4 5 6 9 10 12 13 | 13.3
Fighting       | 1 3 4 |  4.0
Dodging        | 2 3 4 |  4.0
Transmutations | 1 3 4 |  4.0
Evocations     | 1 3 4 |  4.0
Conjurations   | 2 4 5 |  5.0
Shields        | 2 4 |  4.0
Necromancy     | 5 |  5.0
Stealth        | |  1.5

Action                   |  1- 3 |  4- 6 |  7- 9 | 10-12 | 13-15 || total
-------------------------+-------+-------+-------+-------+-------++-------
Melee: Unarmed           |    11 |       |       |       |       ||    11
       Spear             |       |     4 |       |       |       ||     4
       Mace              |       |       |       |    38 |       ||    38
       Staff             |       |       |       |    25 |    16 ||    41
 Fire: Hunting sling     |    14 |   108 |   307 |    77 |       ||   506
 Cast: Sandblast         |    26 |    30 |    81 |    75 |     1 ||   213
       Lee's Rapid Decon |       |       |    20 |    99 |    24 ||   143
       Petrify           |       |       |     1 |     6 |       ||     7
       Stone Arrow       |       |       |     1 |    44 |       ||    45
       Bolt of Draining  |       |       |       |    70 |    41 ||   111
       Passwall          |       |       |       |     3 |       ||     3
       Iron Shot         |       |       |       |       |    13 ||    13
Evoke: Wand              |       |       |     8 |    12 |       ||    20
  Use: Scroll            |     3 |     2 |    10 |    10 |     1 ||    26
 Stab: Sleeping          |     1 |       |       |       |       ||     1
       Distracted        |       |       |       |     1 |       ||     1
Armor: Robe              |     4 |     7 |    72 |    52 |    17 ||   152
Dodge: Dodged            |    18 |    47 |   126 |   156 |    23 ||   370
Block: Buckler           |       |       |       |    43 |     9 ||    52

Table legend:
 A = Spawn XP
 B = Non-spawn XP
 C = Spawn XP percentage of total XP
 D = Spawn monster count
 E = Non-spawn monster count
 F = Spawn count percentage of total count
 G = Total turns spent on level
                    A         B        C        D         E        F      G
               +---------+---------+-------+---------+---------+-------+---------
         Total |       0 |   51869 |   0.0 |       0 |     377 |   0.0 | 15958
               +---------+---------+-------+---------+---------+-------+---------
           D:1 |       0 |      36 |   0.0 |       0 |      17 |   0.0 |   586
           D:2 |       0 |      50 |   0.0 |       0 |      15 |   0.0 |  1095
           D:3 |       0 |     215 |   0.0 |       0 |      26 |   0.0 |   774
           D:4 |       0 |     275 |   0.0 |       0 |      10 |   0.0 |   972
           D:5 |       0 |     913 |   0.0 |       0 |      21 |   0.0 |   842
           D:6 |       0 |     938 |   0.0 |       0 |      31 |   0.0 |   746
           D:7 |       0 |    2735 |   0.0 |       0 |      28 |   0.0 |  1077
           D:8 |       0 |     489 |   0.0 |       0 |      12 |   0.0 |   753
           D:9 |       0 |    7058 |   0.0 |       0 |      41 |   0.0 |  1798
          D:10 |       0 |    1819 |   0.0 |       0 |      24 |   0.0 |   876
          D:11 |       0 |    4506 |   0.0 |       0 |      24 |   0.0 |  1080
          D:12 |       0 |    9916 |   0.0 |       0 |      52 |   0.0 |  1433
          D:13 |       0 |    6414 |   0.0 |       0 |      32 |   0.0 |  2150
          D:14 |       0 |   14054 |   0.0 |       0 |      37 |   0.0 |  1179
           Lab |       0 |    2451 |   0.0 |       0 |       7 |   0.0 |   597
               +---------+---------+-------+---------+---------+-------+---------
